Map: Temple gelé

Players

pupu - Winner!

  • Race: Protoss Protoss
  • League: Silver

MalaKara

  • Race: Terran Terran
  • League: Silver

VOD

Have the link to the VOD?

Description

Time

  • Played on: April 13, 2016, 9:13 a.m.
  • Length: 11:17
Show
View Real Time Build Order
Export as new Build Order

pupu Protoss - Winner!

Build Orders:  

Get SALT Encoding   

  12  0:01  Probe (Chrono Boost)  
  13  0:11  Probe (Chrono Boost)  
  14  0:18  Pylon  
  14  0:22  Probe (Chrono Boost)  
  15  0:36  Probe (Chrono Boost)  
  15  0:39  Gateway  
  16  0:47  Probe (Chrono Boost)  
  16  0:49  Assimilator  
  17  0:57  Probe (Chrono Boost)  
  17  0:58  Assimilator  
  18  1:08  Probe (Chrono Boost)  
  19  1:17  Pylon  
  19  1:18  Probe (Chrono Boost)  
  20  1:27  Cybernetics Core  
  20  1:29  Probe (Chrono Boost)  
  22  1:40  Probe (Chrono Boost)  
  22  1:50  Probe (Chrono Boost)  
  22  1:53  Gateway  
  23  2:01  Probe (Chrono Boost)  
  24  2:06  Twilight Council  
  24  2:08  Warp Gate (Chrono Boost)  
  24  2:12  Mothership Core  
  26  2:25  Robotics Facility  
  25  2:50  Probe  
  26  2:57  Pylon  
  26  3:02  Probe  
  26  3:04  Nexus  
  27  3:13  Pylon  
  27  3:14  Probe  
  28  3:22  Charge (Chrono Boost)  
  28  3:34  Warp Prism  
  28  3:38  Probe  
  31  3:57  Probe, Gateway  
  31  3:59  Gateway  
  33  4:10  Probe  
  33  4:15  Probe  
  34  4:22  Probe  
  35  4:26  Probe, Pylon  
  35  4:28  Pylon  
  36  4:31  Pylon  
  36  4:40  Zealot x2  
  40  4:54  Zealot x2  
  44  5:01  Zealot x2  
  40  6:07  Zealot x3  
  40  6:08  Zealot  
  42  6:16  Immortal  
  46  6:24  Gateway  
  46  6:25  Gateway  
  46  6:27  Gateway  
  46  6:30  Gateway x2  
  46  6:32  Probe  
  46  6:33  Probe  
  46  6:36  Forge  
  46  6:37  Forge  
  48  6:41  Pylon  
  48  6:42  Pylon  
  48  6:43  Pylon  
  48  6:44  Sentry, Pylon  
  48  6:45  Sentry  
  48  6:46  Pylon  
  52  6:47  Sentry  
  52  6:49  Sentry  
  52  6:50  Pylon  
  52  6:53  Pylon  
  56  6:58  Probe  
  56  6:59  Probe  
  58  7:08  Probe  
  58  7:11  Probe  
  59  7:19  Probe  
  58  7:23  Probe  
  58  7:28  Photon Cannon  
  59  7:30  Probe  
  59  7:33  Photon Cannon  
  59  7:35  Probe, Photon Cannon  
  61  7:38  Photon Cannon  
  61  7:39  Photon Cannon  
  61  7:47  Photon Cannon  
  61  7:51  Protoss Ground Weapons Level 1 (Chrono Boost)  
  61  7:54  Protoss Ground Armor Level 1 (Chrono Boost)  
  61  8:01  Zealot x2  
  61  8:03  Probe x2  
  67  8:09  Assimilator  
  67  8:15  Probe x2  
  67  8:18  Zealot x2  
  73  8:31  Pylon  
  73  8:53  Photon Cannon  
  73  8:55  Nexus  
  73  8:57  Pylon  
  73  8:58  Stalker x2  
  77  9:09  Probe x2  
  79  9:21  Probe x2  
  79  9:22  Sentry x2  
  79  9:23  Sentry, Assimilator  
  87  9:40  Probe x2  
  87  9:45  Zealot x7  
  97  9:52  Probe  
  104  10:07  Photon Cannon  
  82  10:52  Zealot x2  
  82  10:53  Zealot x7  
Show
View Real Time Build Order
Export as new Build Order

MalaKara Terran 

Build Orders: Reaper Expand 

Get SALT Encoding   

  12  0:02  SCV  
  13  0:21  Supply Depot, SCV  
  14  0:34  Refinery, SCV  
  15  0:46  Barracks  
  15  0:47  SCV  
  16  1:03  SCV  
  17  1:15  SCV  
  18  1:28  SCV  
  19  1:35  Reaper  
  20  1:43  Command Center  
  20  1:55  Orbital Command  
  20  1:57  Supply Depot  
  20  2:04  Refinery  
  20  2:07  Barracks Reactor  
  20  2:18  Factory  
  20  2:21  SCV  
  21  2:54  SCV  
  21  2:57  Orbital Command  
  22  3:00  Marine x2  
  24  3:11  Bunker  
  24  3:14  Factory Tech Lab  
  24  3:19  SCV  
  25  3:20  Starport  
  25  3:31  SCV  
  26  3:36  Marine x2  
  26  3:39  Siege Tank  
  31  3:43  SCV  
  33  3:48  Engineering Bay, SCV  
  33  3:54  Marine x2  
  35  3:58  Starport Reactor  
  35  4:01  SCV  
  35  4:02  SCV  
  37  4:24  Missile Turret  
  37  4:31  Marine  
  37  4:32  Marine  
  37  4:36  Cyclone  
  42  4:39  Medivac  
  44  4:46  SCV x2  
  46  5:00  Missile Turret  
  46  5:01  Terran Infantry Weapons Level 1  
  46  5:07  Supply Depot  
  46  5:28  Marine x2, SCV x2  
  46  5:34  Command Center  
  41  5:59  Medivac x2  
  41  6:02  SCV  
  41  6:03  SCV  
  41  6:14  SCV  
  41  6:15  SCV  
  43  6:27  SCV x2  
  43  6:29  Barracks  
  43  6:32  Barracks  
  45  6:42  Marine x2  
  45  6:46  SCV x2  
  49  6:53  Armory  
  49  6:58  SCV  
  49  6:59  Marine, SCV  
  49  7:00  Marine  
  53  7:13  SCV x2  
  54  7:25  SCV x2  
  56  7:30  Refinery x2, Planetary Fortress  
  56  7:34  Marine x2  
  56  7:35  Barracks Tech Lab  
  58  7:51  Barracks Reactor  
  58  7:54  Supply Depot  
  58  7:58  Supply Depot  
  58  8:13  SCV x2  
  58  8:14  SCV  
  58  8:17  Stimpack  
  61  8:25  SCV x2  
  63  8:48  SCV x3  
  65  8:49  Marine x4  
  65  8:50  Marauder  
  72  8:57  Siege Tank  
  72  8:58  Barracks  
  72  8:59  Barracks  
  72  9:00  SCV x3  
  78  9:04  Factory  
  78  9:08  Starport  
  78  9:09  Terran Infantry Armor Level 1  
  78  9:11  Marauder  
  78  9:14  Marine x3  
  78  9:15  Engineering Bay, Marine  
  84  9:21  SCV  
  85  9:36  SCV x3  
  80  9:47  Marine x2  
  80  9:48  Barracks Tech Lab, Barracks Reactor, SCV x2  
  84  9:53  Factory Reactor  
  84  9:56  Starport Tech Lab  
  84  9:59  Barracks  
  84  10:01  Marine  
  85  10:10  Supply Depot  
  85  10:11  Supply Depot x2  
  85  10:13  Supply Depot  
  85  10:18  Marine  
  85  10:20  Marine  
  85  10:25  Marine  
  85  10:26  Marauder  
  84  10:28  Marauder  
  68  10:40  Marine x3  
  62  10:44  Marine x3  
  62  10:47  Marauder  
  57  10:50  Marauder  
  52  10:58  Marine x3  
Tags
 
Add a new tag
Caveats
  • Supply blocks, unpowered buildings, or Contaminate may cause inaccurate times.
  • Supply counts are checked every 10 seconds.